 Dungeon Crawl Stone Soup version 0.29.1-15-g9cfb28693d (webtiles) character file.

Game seed: 9260039457297223976

256 fleeber the Shooter (level 6, -1/48 HPs)
             Began as a Barachi Hunter on Mar 19, 2023.
             Slain by a lemure (3 damage)
             ... led by Pikel
             ... on level 4 of the Dungeon.
             The game lasted 00:07:23 (3217 turns).

fleeber the Shooter (Barachi Hunter)                Turns: 3217, Time: 00:07:24

Health: -1/48      AC:  7    Str: 12    XL:     6   Next: 15%
Magic:  6/6        EV: 12    Int:  9    God:
Gold:   167        SH:  0    Dex: 18    Spells: 5/5 levels left

rFire   . . .      SeeInvis .   a - +0 shortbow
rCold   . . .      Faith    .   (shield currently unavailable)
rNeg    . . .      Spirit   .   i - +0 ring mail
rPois   .          Reflect  .   (no helmet)
rElec   .          Harm     .   u - +1 cloak
rCorr   .          Rampage  .   (no gloves)
Will    .....                   (no boots)
Stlth   +.........              (no amulet)
HPRegen 0.16/turn               (no ring)
MPRegen 0.10/turn               (no ring)

@: slow
A: amphibious, slowness 1, strong legs 1, +LOS
a: Hop


You were on level 4 of the Dungeon.
You visited 1 branch of the dungeon, and saw 4 of its levels.

You collected 167 gold pieces.

Inventory:

Hand Weapons
 a - a +0 shortbow (weapon)
Armour
 i - a +0 ring mail (worn)
 u - a +1 cloak (worn)
Wands
 v - a wand of flame (14)
Scrolls
 b - 3 scrolls of immolation
 d - a scroll of enchant armour {unknown}
 e - 2 scrolls of fog {unknown}
 h - 4 scrolls of identify
 l - a scroll of magic mapping {unknown}
 m - a scroll of enchant weapon {unknown}
 o - a scroll of vulnerability {unknown}
 r - a scroll of teleportation {unknown}
 t - 2 scrolls of acquirement {unknown}
Potions
 c - a potion of attraction {unknown}
 f - 2 potions of haste {unknown}
 j - 2 potions of lignification {unknown}
 k - a potion of degeneration {unknown}
 n - 2 potions of brilliance {unknown}
 s - a potion of mutation {unknown}


   Skills:
 + Level 4.2 Fighting
 * Level 5.8 Ranged Weapons
 + Level 3.8 Dodging
 - Level 0.8 Stealth


You had 5 spell levels left.
You didn't know any spells.
Your spell library contained the following spells:

 Spells                   Type           Power      Damage    Failure   Level
 Ensorcelled Hibernation  Hex/Ice        0%         N/A       80%         2
 Passwall                 Tmut/Erth      0%         N/A       80%         2
 Conjure Flame            Conj/Fire      0%         6-21      95%         3
 Ignite Poison            Fire/Tmut/Pois 0%         N/A       95%         3
 Swiftness                Air            0%         N/A       95%         3
 Sticky Flame             Conj/Fire      0%         2d3       100%        4


Dungeon Overview and Level Annotations

Branches:
Dungeon (4/15)
 Temple: D:4-7

Altars:
Sif Muna
Vehumet
Wu Jian
Yredelemnul

Shops:
D:1 =   D:3 (

Annotations:
D:4 Edmund, Pikel


Innate Abilities, Weirdness & Mutations

You are amphibious.
You cover ground slowly.
You can hop short distances.
You have an extended range of vision and can be seen from far away.


Message History

Press: ? - help, Q - select action, (/) - cycle Shift-Dir - straight line, f/p - Pikel
Aim: Pikel, wielding a +1 whip of electrocution and wearing a +0 robe (heavily wounded, 59% to hit)
You shoot an arrow. The arrow barely misses Pikel.
The lemure hits you but does no damage. The lemure closely misses you.
Pikel closely misses you.
Fire: a) +0 shortbow
Press: ? - help, Q - select action, (/) - cycle Shift-Dir - straight line, f/p - Pikel
Aim: Pikel, wielding a +1 whip of electrocution and wearing a +0 robe (heavily wounded, 59% to hit)
You shoot an arrow.
The arrow hits Pikel but does no damage.
Pikel is heavily wounded.
The lemure misses you. The lemure barely misses you.
Pikel hits you with a +1 whip of electrocution!
You are electrocuted!!
Pikel hits you but does no damage. The lemure closely misses you.
The lemure completely misses you.
Fire: a) +0 shortbow
Press: ? - help, Q - select action, (/) - cycle Shift-Dir - straight line, f/p - Pikel
Aim: Pikel, wielding a +1 whip of electrocution and wearing a +0 robe (heavily wounded, 59% to hit)
You shoot an arrow. The arrow hits Pikel.
Pikel is heavily wounded.
The lemure barely misses you. x2; Pikel hits you but does no damage.
You are electrocuted!
* * * LOW HITPOINT WARNING * * *
Fire: a) +0 shortbow
Press: ? - help, Q - select action, (/) - cycle Shift-Dir - straight line, f/p - Pikel
Aim: Pikel, wielding a +1 whip of electrocution and wearing a +0 robe (heavily wounded, 59% to hit)
You shoot an arrow. The arrow closely misses Pikel.
The lemure hits you but does no damage. Pikel waves his whip at you.
Pikel hits you with a +1 whip of electrocution.
* * * LOW HITPOINT WARNING * * *
The lemure barely misses you.
Fire: a) +0 shortbow
Press: ? - help, Q - select action, (/) - cycle Shift-Dir - straight line, f/p - Pikel
Aim: Pikel, wielding a +1 whip of electrocution and wearing a +0 robe (heavily wounded, 59% to hit)
You shoot an arrow.
The arrow hits Pikel but does no damage.
Pikel is heavily wounded.
The lemure barely misses you. The lemure hits you.
You die...

#.....# ...... #.
#....... ......5##5
+...... .......'5.
#...... .......##.
#.....# ...... #.
...
#.....######......
#. .....
#.....#.........# #.
.....
##....K#........ #.
......
#.....5@(.......
####. .....
#.....5......###
#....
.....##...=....#####
#.... #...........#
#####....
##..........#
.........
##..##.....#
.........
#..##.....#
.........
#..##.....#
.........
#...+.....#
..........


You could see Pikel and 2 lemures.

Vanquished Creatures
  2 lemures (D:4)
  A hound (D:3)
  Ijyb (D:3)
  An iguana (D:4)
  4 gnolls (D:2)
  7 adders
  A dart slug (D:3)
  5 orcs (D:3)
  4 ball pythons (D:1)
  4 endoplasms
  9 giant cockroaches
  5 goblins
  5 hobgoblins
  8 kobolds
  3 quokkas
  4 bats
  6 frilled lizards
  3 rats
73 creatures vanquished.

Notes
Turn   | Place    | Note
-------+----------+-------------------------------------------
     0 | D:1      | fleeber the Barachi Hunter began the quest for the Orb.
     0 | D:1      | Reached XP level 1. HP: 17/17 MP: 1/1
    64 | D:1      | Reached XP level 2. HP: 21/23 MP: 2/2
   136 | D:1      | Found Fegerr Zihe's Jewellery Shoppe.
   399 | D:1      | Reached XP level 3. HP: 28/28 MP: 3/3
   773 | D:2      | Reached XP level 4. HP: 35/35 MP: 4/4
   782 | D:2      | Reached skill level 5 in Ranged Weapons
  1418 | D:3      | Reached XP level 5. HP: 38/41 MP: 5/5
  1623 | D:3      | Found an ornate altar of the Wu Jian Council.
  1756 | D:3      | Identified the +0 plate armour of Springtime {rC+}
  1797 | D:3      | Noticed Ijyb
  1812 | D:3      | Killed Ijyb
  2120 | D:3      | Found Caafotz's Antique Weapon Emporium.
  2431 | D:3      | Found a basalt altar of Yredelemnul.
  2435 | D:3      | Found a shimmering blue altar of Sif Muna.
  2442 | D:3      | Found a radiant altar of Vehumet.
  2557 | D:4      | Reached XP level 6. HP: 45/48 MP: 6/6
  3178 | D:4      | Noticed Edmund
  3201 | D:4      | Noticed Pikel
  3216 | D:4      | HP: 2/48 [Pikel/+1 whip of electrocution (4)]
  3217 | D:4      | Slain by a lemure

Illustrated notes

Levels and vault maps discovered:
D:1:      elethiomel_arrival_shortcut, layout_basic, serial_shops,
          nicolae_shop_temple_entry_statues_fountains
D:2:      layout_loops_ring, st_stairs_14, minmay_tree_intersection
D:3:      minmay_roachtagon, layout_loops_ring, nicolae_overflow_crystal_walls,
          minmay_overflow_temple_star_quad, serial_shops, shop,
          minmay_quadrilaterals, uniq_ijyb
D:4:      layout_basic, portal_sewer_entry_b, uniq_pikel, uniq_edmund

Skill      XL: |  1  2  3  4  5 |
---------------+----------------+-----
Fighting       | 3 4 |  4.2
Dodging        | 3 |  3.8
Ranged Weapons | 5 |  5.8
Stealth        | |  0.8

Action                   |  1- 3 |  4- 6 || total
-------------------------+-------+-------++-------
 Fire: Shortbow          |    93 |   170 ||   263
  Use: Scroll            |       |     3 ||     3
       Potion            |       |     3 ||     3
Armor: Leather armour    |     7 |       ||     7
       Ring mail         |    11 |    68 ||    79
Dodge: Dodged            |    33 |   118 ||   151
